Cogmind - Beta 16.1 @@@ ROGUE MODE // 2026.05.02 @ 01:15:07 Player: KURIIRI Result: Destroyed by AM-RV8(R) with Subdweller Machine Gun Performance ------------- Evolutions (0) 0 Regions Visited (2) 400 Robots Destroyed (31) 155 Value Destroyed (775) 775 Prototype IDs (2) 40 Alien Tech Used (0) 0 Bonus (0) 0 TOTAL SCORE: 1370 Bonus ------- None Cogmind --------- Core Integrity 0/250 Matter 242/300 Energy 50/100 System Corruption 4% Temperature Cool (0) Movement Core (1400) Ox27 Location -10/Subcaves Parts ------- > --- POWER (1) -------- (None) > --- PROPULSION (2) --- (None) > --- UTILITY (2) ------ Huge Storage Unit Subdweller Optics > --- WEAPON (2) ------- (None) > --- INVENTORY (25) --- Subdweller Power Source Light Treads Light Treads Light Treads Wheel Wheel Wheel Subdweller Monowheel Hover Unit Hover Unit Hover Unit Improved Heat Sink Small Storage Unit Structural Scanner Hacking Suite Recalibrator Peak State ------------ > --- POWER ------------ Light Ion Engine > --- PROPULSION ------- Light Treads Subdweller Monowheel > --- UTILITY ---------- Huge Storage Unit Makeshift Thermal Plating > --- WEAPON ----------- Medium Laser Battle Rifle > --- INVENTORY -------- Subdweller Power Source Light Treads Light Treads Wheel Wheel Wheel Hover Unit Hover Unit Hover Unit Improved Heat Sink Small Storage Unit Structural Scanner Hacking Suite Recalibrator [Rating: 14] Favorites ----------- Power Light Ion Engine Engine Light Ion Engine Propulsion Light Treads Treads Light Treads Leg Aluminum Leg Wheel Subdweller Monowheel Utility Huge Storage Unit Device Improved Terrain Scanner Storage Huge Storage Unit Processor Machine Analyzer Protection Makeshift Thermal Plating Weapon Medium Laser Energy Gun Medium Laser Ballistic Gun Assault Rifle Special Weapon Multitool Build | -11 -10 -10 ------- Run | Yrd Mat Sub Slots Evolved . | . . . Power . | . . . Propulsion . | . . . Utility . | . . . Weapon . | . . . Parts Attached 18 | 3 9 6 Power 2 | . 2 . Engine 2 | . 2 . Core . | . . . Reactor . | . . . Propulsion 5 | 2 2 1 Treads 4 | 2 2 . Leg . | . . . Wheel 1 | . . 1 Hover . | . . . Flight . | . . . Utility 6 | 1 3 2 Device 3 | 1 1 1 Storage 1 | . 1 . Processor 1 | . 1 . Hackware . | . . . Protection 1 | . . 1 Artifact . | . . . Weapon 5 | . 2 3 Energy Gun 2 | . 1 1 Energy Cannon . | . . . Ballistic Gun 2 | . 1 1 Ballistic Cannon . | . . . Launcher . | . . . Special Weapon 1 | . . 1 Impact Weapon . | . . . Slashing Weapon . | . . . Piercing Weapon . | . . . Special Melee Weapon . | . . . Unidentified Prototypes . | . . . Parts Lost 12 | . 4 8 Power 3 | . 2 1 Propulsion 2 | . . 2 Utility 2 | . 1 1 Weapon 5 | . 1 4 Highest Loss Streak 4 | . 2 4 To Critical Strikes . | . . . Average Backups 10 | 5 9 13 Power . | 1 . . Propulsion 6 | 3 5 8 Utility 3 | . 2 4 Weapon . | 1 . . Tool/Special . | . . . Unused Backups 10 | . . 10 Power 1 | . . 1 Propulsion 5 | . . 5 Utility 4 | . . 4 Weapon . | . . . Tool/Special . | . . . Average Slot Usage (%) 97 | . 99 94 Engine 13 | . 13 12 Treads 27 | . 28 25 Device 11 | . 13 5 Storage 14 | . 14 14 Protection 2 | . . 8 Energy Gun 20 | . 22 16 Ballistic Gun 6 | . 5 8 Peak Build Rating 14 | 9 11 14 Average Rating 10 | 7 9 11 On Entrance 8 | 6 9 10 Avg Prop Armor Cover (%) 12 | . . 12 Naked Turns . | . . . Heaviest Build 91 | 13 88 91 Greatest Support 40 | 40 40 40 Greatest Overweight (x) 4 | . 2 4 Average Overweight (x) 1 | . 1 2 Largest Inventory Capacity 25 | 8 25 25 Average Capacity 23 | 8 23 25 Most Carried 17 | 6 13 17 Average Carried 10 | 5 9 14 Final Capacity 25 | 8 25 25 Final Carried 16 | 4 12 16 Class Distribution -------------------- 83% | Mutant 16% | Scavenger-Mutant Dominant Class ---------------- Mutant | -10/Materials Mutant | -10/Subcaves Resources | -11 -10 -10 ----------- Run | Yrd Mat Sub Matter Collected 564 | 225 195 144 Remotely . | . . . Salvage Created 1281 | 87 881 313 Parts 62 | 4 44 14 Haulers Intercepted 1 | . 1 . Recyclers Shooed 1 | . 1 . Parts Field Recycled . | . . . Retrieved Matter . | . . . Parts Self-Destructed 2 | . . 2 Prevented . | . . . Parts Restored . | . . . Kills | -11 -10 -10 ------- Run | Yrd Mat Sub Combat Hostiles Destroyed 20 | . 16 4 Guns 20 | . 16 4 Classes Destroyed 12 | 2 8 2 Worker 1 | . 1 . Builder 1 | . 1 . Tunneler 1 | 1 . . Hauler 1 | . 1 . Recycler 2 | 1 1 . Mechanic 1 | . 1 . Operator 2 | . 2 . Watcher 2 | . 2 . Swarmer 3 | . 3 . Grunt 13 | . 13 . Artisan 1 | . . 1 Subdweller 4 | . . 4 Best Kill Streak 3 | 2 3 2 Combat Bots Only 2 | . 2 2 Max Kills in Single Turn 1 | 1 1 1 Gunslinging . | . . . Exploded . | . . . Melee . | . . . Uniques/NPCs Destroyed . | . . . Combat | -11 -10 -10 -------- Run | Yrd Mat Sub Hostile Shots Fired 136 | . 94 42 Missed 27 | . 20 7 Hits 109 | . 74 35 Projectile 109 | . 74 35 Critical Strikes 4 | . 1 3 Damage Taken 1589 | . 758 831 Core 256 | . 104 152 Absorbed by Shields . | . . . Ignored by Resistances 26 | . . 26 Core Remaining (%) 100 | 100 . . Volleys Fired 129 | 3 80 46 Largest 2 | 2 2 2 Hottest 100 | 100 100 100 Shots Fired 233 | 6 155 72 Gun 230 | 6 155 69 Cannon . | . . . Launcher . | . . . Special 3 | . . 3 Kinetic 64 | . 39 25 Thermal 169 | 6 116 47 Explosive . | . . . Electromagnetic . | . . . Robot Hit Streak 51 | 2 11 51 Robot Miss Streak 5 | 2 5 1 Penetration Max . | . . . Secondary Targets 2 | . 2 . Max Gunslinging Chain 1 | . 1 . Shots Hit Robots 154 | 3 91 60 Core Hits 67 | 3 47 17 Critical Kills . | . . . Critical Parts Destroyed . | . . . Critical Strikes 13 | 1 7 5 Burn 13 | 1 7 5 Melee Attacks . | . . . Impact . | . . . Slashing . | . . . Piercing . | . . . Sneak Attacks . | . . . Combat Hostiles . | . . . Follow-up Attacks . | . . . Damage Inflicted 2115 | 38 1246 831 Guns 2064 | 38 1225 801 Cannons . | . . . Explosions . | . . . Melee . | . . . Ramming 32 | . 21 11 Kinetic 640 | . 324 316 Thermal 1443 | 38 901 504 Explosive . | . . . Electromagnetic . | . . . Impact . | . . . Slashing . | . . . Piercing . | . . . Highest Corruption 4 | . 4 4 Average Corruption 3 | . 3 4 Corruption Purged . | . . . Corruption Blocked . | . . . Effects 38 | . 14 24 Message Errors 7 | . 1 6 Matter Fused 12 | . 3 9 Heat Flow Errors 2 | . 1 1 Energy Discharges 2 | . 2 . Data Loss (minor) 6 | . 1 5 Data Loss (major) 4 | . 2 2 Misfires 1 | . . 1 Alerts 3 | . 3 . Weapon Failures 1 | . 1 . Overload Shots . | . . . Overflow Damage . | . . . Projectiles . | . . . Explosions . | . . . Melee . | . . . Knockbacks 1 | . . 1 Impact 1 | . . 1 Kinetic . | . . . Secondary . | . . . Self-Inflicted Damage 5 | . . 5 Shots . | . . . Rammed 9 | . 5 4 Targets Rammed 9 | . 5 4 Kicked . | . . . Crushed . | . . . Highest Temperature 303 | 117 303 269 Average Temperature 69 | 59 69 77 Received Heat Transfer 745 | . 330 415 Siege Activations . | . . . Martial Activations . | . . . Shielding Activations . | . . . Robots Disrupted . | . . . Combat Hostiles . | . . . Robots Corrupted . | . . . Combat Hostiles . | . . . Parts Fried . | . . . Impact Corruptions . | . . . Robots Melted . | . . . Combat Hostiles . | . . . Parts Melted 17 | 3 7 7 Heat Transferred 5119 | 185 3071 1863 Parts Sabotaged . | . . . Parts Stolen . | . . . Parts Stripped . | . . . Power Chain Reactions . | . . . Alert | -11 -10 -10 ------- Run | Yrd Mat Sub Maximum Alert Level . | . . . Low Security (%) 100 | 100 100 . Level 1 . | . . . Level 2 . | . . . Level 3 . | . . . Level 4 . | . . . Level 5 . | . . . High Security . | . . . Max Security . | . . . Peak Influence 164 | 10 164 . Initial . | . . . Average 60 | 4 61 . Influence Increases 629 | 10 619 . Destroy 0b10 Robot/C 320 | . 320 . Destroy 0b10 Robot/NC 55 | 10 45 . Destroy Leader 86 | . 86 . Trap Triggered on 0b10 20 | . 20 . Successful Hack 28 | . 28 . Select Force Hacks 60 | . 60 . Lose Combat Pursuer 60 | . 60 . Influence Decreases 629 | 10 599 20 Entered New Map 10 | . . 10 Time Decay 589 | 10 569 10 Lost Part 30 | . 30 . Squads Dispatched 5 | . 5 . Investigation 3 | . 3 . Extermination . | . . . Reinforcement 2 | . 2 . Assault . | . . . Garrison . | . . . Intercept . | . . . Searches Triggered . | . . . Construction Impeded . | . . . Haulers Reinforced . | . . . Active Scanning Responses . | . . . Cargo Convoy Interrupts . | . . . Stealth | -11 -10 -10 --------- Run | Yrd Mat Sub Distress Signals 2 | . 2 . Communications Jammed . | . . . Distress Signals . | . . . Times Spotted 38 | . 32 6 Peak Tracking Total 4 | . 4 2 Tactical Retreats 4 | . 4 . Traps | -11 -10 -10 ------- Run | Yrd Mat Sub Traps Triggered 4 | . 3 1 Indirectly . | . . . Trap Hack Attempts . | . . . Triggered . | . . . Disarmed . | . . . Reprogrammed 2 | . 2 . Reused 2 | . 2 . Traps Extracted . | . . . Installed . | . . . Triggered 2 | . 2 . Machines | -11 -10 -10 ---------- Run | Yrd Mat Sub Machines Disabled . | . . . Max in Single Turn . | . . . Machines Repaired . | . . . Machines Dismantled . | . . . Machines Sabotaged . | . . . Overloaded Fab Kills . | . . . Hacking | -11 -10 -10 --------- Run | Yrd Mat Sub Machines Accessed 8 | . 8 . Terminals 6 | . 6 . Fabricators . | . . . Repair Stations . | . . . Recycling Units 2 | . 2 . Scanalyzers . | . . . Garrison Access . | . . . Total Hacks 22 | . 22 . Successful 12 | . 12 . Failed 9 | . 9 . Catastrophic 3 | . 3 . Database Lockouts 1 | . 1 . Manual 19 | . 19 . Terminals 20 | . 20 . Fabricators . | . . . Repair Stations . | . . . Recycling Units 2 | . 2 . Scanalyzers . | . . . Garrison Access . | . . . Terminal Hacks 7 | . 7 . Robot Analysis 2 | . 2 . Prototype ID Bank 1 | . 1 . Locate Traps 1 | . 1 . Reprogram Traps 1 | . 1 . Recall Investigation 1 | . 1 . Registered Components 1 | . 1 . Fabricator Hacks . | . . . Repair Station Hacks . | . . . Recycling Unit Hacks . | . . . Scanalyzer . | . . . Garrison Access Hacks . | . . . Unauthorized Hacks 5 | . 5 . Terminals 3 | . 3 . Botnet 2 | . 2 . Operators 1 | . 1 . Fabricators . | . . . Repair Stations . | . . . Recycling Units 2 | . 2 . Tunnel 2 | . 2 . Scanalyzers . | . . . Garrison Access . | . . . Data Cores Recovered . | . . . Used . | . . . Hacking Detections 6 | . 6 . Full Trace Events 1 | . 1 . Feedback Events . | . . . Feedback Blocked . | . . . Robot Schematics Acquired . | . . . Robots Built . | . . . Authchips . | . . . Time . | . . . Total Robot Build Rating . | . . . Part Schematics Acquired . | . . . Parts Built . | . . . Authchips . | . . . Time . | . . . Total Part Build Rating . | . . . Part Studies Acquired . | . . . Parts Repaired . | . . . Time . | . . . Parts Recycled . | . . . Recycled Matter . | . . . Retrieved Matter . | . . . Retrieved Components . | . . . Parts Scanalyzed . | . . . Part Schematics Acquired . | . . . Parts Damaged . | . . . Bothacking | -11 -10 -10 ------------ Run | Yrd Mat Sub Used RIF Installer . | . . . Robots Hacked . | . . . Non-combat . | . . . Combat . | . . . Robot Hacks Applied . | . . . Relay Couplers Released . | . . . Fabnet Peak Effective % . | . . . Robots Rewired . | . . . Allies Hacked . | . . . Hacks Repelled . | . . . Allies | -11 -10 -10 -------- Run | Yrd Mat Sub Total Allies . | . . . Largest Group . | . . . Highest-Rated Group . | . . . Highest-Rated Ally . | . . . Total Orders . | . . . Ally Attacks . | . . . Total Damage . | . . . Kills . | . . . Allies Corrupted . | . . . Allies Melted . | . . . Intel | -11 -10 -10 ------- Run | Yrd Mat Sub Active Infowar (turns) 1938 | 16 1849 73 Optics 73 | . . 73 Terrain 1860 | 16 1844 . Machine Analysis 5 | . 5 . Robot Analysis Total 2 | . 2 . Derelict Logs Recovered 3 | . . 3 Drone Launches . | . . . Drone Recoveries . | . . . Exploration | -11 -10 -10 ------------- Run | Yrd Mat Sub Turns Passed 3051 | 32 2064 955 Spaces Moved 884 | 15 579 290 Core . | . . . Treads 795 | 4 579 212 Legs 11 | 11 . . Wheels 78 | . . 78 Hover . | . . . Flight . | . . . Fastest Speed 120 | 120 160 150 Average Speed 282 | 130 291 274 Slowest Speed 320 | 160 320 320 Overloaded Moves . | . . . Propulsion Burnouts . | . . . Robots Hopped . | . . . Potential Cave-ins . | . . . Cave-ins Triggered . | . . . Exploration Rate (%) 35 | 2 74 30 Regions Visited 2 Branch Regions 1 Pre-discovered Areas 3 | . 2 1 Known Exits Taken . | . . . Unknown Exits Taken 2 | 1 1 . Scrap Searched . | . . . Spaces Dug . | . . . Terrain Destroyed . | . . . Melee . | . . . Projectile . | . . . AOE . | . . . Terrain Rammed . | . . . Walls Destroyed . | . . . Machines Disabled . | . . . Actions | -11 -10 -10 --------- Run | Yrd Mat Sub Total 1185 | 22 788 375 Wait 131 | . 108 23 Move 882 | 14 578 290 Hop . | . . . Pick Up 14 | . 8 6 Fast Attach 4 | 1 2 1 Attach 6 | 2 2 2 Detach . | . . . Swap 8 | . 5 3 Drop 2 | 2 . . Fire 129 | 3 80 46 Melee . | . . . Ram 4 | . . 4 Kick . | . . . Crush 5 | . 5 . Escape Stasis . | . . . Rewire . | . . . Trap . | . . . Miscellaneous . | . . . Route ------- -11/Scrapyard -10/Materials (discovered 5 exits: [*Mat x3] / [*Min] / [*Sub]) -10/Subcaves History --------- Turn | Location | Event 11 | -11/Scrapyard | Discovered new exit (range 2) 33 | -11/Scrapyard | Entered Materials 107 | -10/Materials | Central database locked down 306 | -10/Materials | Build established: Mutant 595 | -10/Materials | Discovered new exit (range 5) 949 | -10/Materials | Discovered new exit (range 5) 1919 | -10/Materials | Discovered new exit (range 12) 1964 | -10/Materials | Discovered new exit (range 14) 2068 | -10/Materials | Discovered new exit (range 7) 2097 | -10/Materials | Entered Subcaves 2134 | -10/Subcaves | Learned 4 Materials zone layouts 2179 | -10/Subcaves | Build established: Scavenger-Mutant 2352 | -10/Subcaves | Shifting Twisted Machinery released Mak. Thermal Plating 2527 | -10/Subcaves | Learned 4 Materials zone layouts 2700 | -10/Subcaves | Build established: Mutant 2843 | -10/Subcaves | Shifting Twisted Machinery released Sub. Monowheel 2954 | -10/Subcaves | Core integrity fell below 50% 2990 | -10/Subcaves | Lost 3 parts (1p1u1w) 3018 | -10/Subcaves | Learned location of Recycling (-8) 3043 | -10/Subcaves | Core integrity fell below 20% 3052 | -10/Subcaves | Destroyed by AM-RV8(R) with Subdweller Machine Gun Last Messages --------------- 02979_ Acquired Sub. Optics. 02983_ Acquired Sub. Monowheel. 03005_ 7G-JST(u) cries out in pain. 03005_ 7G-JST(u) destroyed. 03011_ Acquired Multitool. 03014_ :4CFWG=IEH,E/X4CQOWCO 03049_ Sub. Monowheel broken. 03049_ Destabilizing: Short circuit. 03050_ Broken Sub. Monowheel destroyed. Map ----- +----------------------------------------------------+ | ???????????????????# #######?????????????????? | | ???????????????????## ## ##????????????????? | | ????????????????????# ##???????????????? | | ????????????????????# "" ##??????????????? | | ????????????????????#" "" && ##?????????????? | | ????????????????????###"""# &% ##????????????? | | ?????????????????????##" ## & #????????????? | | ??????????????????"#?#"" # ##???????????? | | ??????????????????"""#" # #???????????? | | ?????????????? "" ?""" # ## #???????????? | | ?????????????????" " # #?# #???????????? | | ??????????????????? #### ##??####???????????? | | ???????????????????##?### ##???##?????????????? | | ??????????????????#####""" #??? ##????????????? | | ?????????????????## "" """#??# ?????????????? | | ?????????????????# "" ##""### #?????????????? | | ?????????????????## "" "####" #?????????????? | | ??????????????????##" "##?" #?????????????? | | ???????????????????# ""##" #????????????? | | ???????????????????### "" "" ?????????????? | | ????????????????????## "# #????????????? | | ???????????????????## ## ## ##????????????? | | ?????????????????### ## " ##?? #?????????????? | | ?????????????????#""""" #" ##??????????????????? | | ?????????????????##""""=R " #??????????????????? | | ??????????????????#"""## @ ##??????????????????? | | ?????????????????#""""?## ##??????????????????? | | ?????????????????#"""#??#### #??????????????????? | | ?????????????????##%#??????## #??????????????????? | | ?????????????????? ????????? ##??????????????????? | | ????????????????????????????#????????????????????? | | ?????????????????????????????????????????????????? | | ?????????????????????????????????????????????????? | | ?????????????????????????????????????????????????? | | ?????????????????????????????????????????????????? | | ?????????????????????????????????????????????????? | | ?????????????????????????????????????????????????? | | ?????????????????????????????????????????????????? | | ?????????????????????????????????????????????????? | | ?????????????????????????????????????????????????? | | ?????????????????????????????????????????????????? | | ?????????????????????????????????????????????????? | | ?????????????????????????????????????????????????? | | ?????????????????????????????????????????????????? | | ?????????????????????????????????????????????????? | | ?????????????????????????????????????????????????? | | ?????????????????????????????????????????????????? | | ?????????????????????????????????????????????????? | | ?????????????????????????????????????????????????? | | ?????????????????????????????????????????????????? | +----------------------------------------------------+ Best States ------------- Heat Dissipation 39 Energy Generation 10 Energy Capacity 125 Matter Stores 300 Matter Capacity 300 Sight Range 21 Terrain Scan Range 16 Terrain Scan Density 10 Armor Coverage 100 Resistance: TH 10 Evasion (%) 45 Recoil Reduction 2 Item Schematics ----------------- None Robot Schematics ------------------ None Fabricated ------------ Nothing Repaired ---------- Nothing Studied --------- None Alien Tech Used ----------------- None Achievements -------------- None Challenges ------------ None Game ------ Seed PulseAlertThermoblaster Manual? 0 Play Time 00:14:26 Cumulative 437.3 hours Start 2026.05.02 @ 00:19:11 End 2026.05.02 @ 01:15:07 Sessions 1 Manual Loads 0 Difficulty Rogue Special Mode None Game No. 368 Rogue 332 Adventurer 36 Explorer 0 Win Type - Total 5 Types 2/0/0/1/0/0/0/2/0/0 Lore% 81 Gallery% 69 Achievement% 60 Wizard Run 0 Options --------- Layout 2 ASCII 0 Keyboard 0 Movement Numpad Keybinds 0 Fullscreen 1 Font 48/Smallcaps Map View 50x44 Zoom Use 0% Tactical HUD 1 Map Filters NONE Filters NONE Steam 1 RUN: 7dd85263-7f29-41e2-b552-69ad8f735147